Map: Frost LE

Players

iTBanK - Winner!

  • Race: Protoss Protoss
  • League: Gold
  • Spawn Location: 5:00

Fropez

  • Race: Protoss Protoss
  • League: Gold
  • Spawn Location: 11:00

VOD

Have the link to the VOD?

Description

Time

  • Played on: Sept. 15, 2016, 1:36 p.m.
  • Length: 8:37
Show
View Real Time Build Order
Export as new Build Order

iTBanK Protoss - Winner!

Build Orders:  

Get SALT Encoding   

  12  0:02  Probe (Chrono Boost)  
  13  0:13  Probe (Chrono Boost)  
  14  0:19  Pylon  
  14  0:23  Probe (Chrono Boost)  
  15  0:37  Probe (Chrono Boost)  
  16  0:43  Gateway  
  16  0:48  Probe (Chrono Boost)  
  17  0:55  Gateway  
  17  1:02  Probe (Chrono Boost)  
  18  1:04  Assimilator  
  18  1:08  Assimilator  
  18  1:12  Probe (Chrono Boost)  
  19  1:24  Probe (Chrono Boost)  
  20  1:30  Cybernetics Core  
  20  1:35  Probe (Chrono Boost)  
  21  1:45  Probe (Chrono Boost)  
  22  1:47  Pylon  
  22  1:56  Probe (Chrono Boost)  
  23  2:05  Pylon  
  23  2:06  Probe (Chrono Boost)  
  23  2:07  Warp Gate (Chrono Boost)  
  24  2:10  Stalker  
  24  2:13  Stalker  
  28  2:21  Mothership Core (Chrono Boost)  
  30  2:29  Pylon  
  30  2:47  Stalker  
  30  2:49  Stalker  
  34  3:02  Gateway  
  34  3:04  Gateway  
  34  3:18  Stalker  
  34  3:19  Stalker  
  38  3:49  Pylon  
  38  4:09  Stalker x2  
  42  4:10  Stalker x2  
  46  4:23  Probe  
  47  4:25  Robotics Facility  
  47  4:43  Pylon  
  47  5:02  Stalker x4  
  55  5:26  Pylon  
  55  5:31  Nexus  
  55  5:45  Observer (Chrono Boost)  
  57  5:50  Probe (Chrono Boost)  
  57  5:53  Stargate  
  57  5:57  Pylon  
  57  6:01  Probe (Chrono Boost)  
  58  6:10  Immortal (Chrono Boost)  
  62  6:12  Probe (Chrono Boost)  
  63  6:24  Probe (Chrono Boost)  
  64  6:34  Probe (Chrono Boost)  
  65  6:45  Probe (Chrono Boost)  
  66  6:53  Immortal  
  70  6:56  Phoenix (Chrono Boost)  
  70  6:57  Probe x2 (Chrono Boost)  
  74  7:04  Assimilator  
  74  7:05  Sentry  
  74  7:06  Probe, Assimilator  
  77  7:09  Probe  
  78  7:19  Sentry  
  78  7:20  Sentry  
  82  7:26  Probe  
  82  7:28  Probe  
  82  7:44  Phoenix (Chrono Boost)  
  76  8:14  Probe, Stalker x2  
  76  8:15  Probe, Stalker  
  82  8:30  Pylon  
  80  8:34  Stalker  
Show
View Real Time Build Order
Export as new Build Order

Fropez Protoss 

Build Orders: 1 Gate Expand 

Get SALT Encoding   

  13  0:07  Probe (Chrono Boost)  
  13  0:18  Pylon, Probe (Chrono Boost)  
  14  0:31  Probe (Chrono Boost)  
  15  0:37  Gateway  
  15  0:43  Probe (Chrono Boost)  
  16  0:57  Probe (Chrono Boost)  
  16  1:02  Assimilator  
  17  1:08  Probe (Chrono Boost)  
  19  1:24  Nexus  
  18  1:37  Probe (Chrono Boost)  
  18  1:38  Cybernetics Core  
  19  1:48  Probe (Chrono Boost)  
  19  1:53  Pylon  
  20  1:58  Probe (Chrono Boost)  
  20  2:00  Pylon  
  21  2:09  Probe (Chrono Boost)  
  21  2:14  Pylon  
  21  2:15  Warp Gate (Chrono Boost)  
  22  2:21  Stalker  
  24  2:32  Probe  
  25  2:39  Probe  
  26  2:48  Pylon  
  26  2:50  Mothership Core  
  26  2:53  Probe  
  29  3:02  Assimilator  
  29  3:05  Probe  
  30  3:08  Assimilator  
  30  3:12  Stalker  
  32  3:14  Probe  
  32  3:19  Probe  
  34  3:24  Gateway  
  34  3:27  Probe, Gateway  
  33  3:54  Gateway  
  33  4:04  Pylon  
  33  4:06  Pylon, Gateway  
  33  4:24  Stalker x3  
  39  5:00  Stalker x3  
  45  5:15  Pylon  
  45  5:17  Pylon  
  45  5:25  Probe  
  46  5:31  Pylon  
  46  5:32  Pylon  
  46  5:37  Pylon  
  45  5:53  Stalker  
  45  5:54  Stalker x2  
  51  6:03  Pylon  
  51  6:06  Probe  
  52  6:12  Sentry  
  51  6:58  Stalker x4  
  51  6:59  Stalker  
  51  7:01  Probe  
  62  7:26  Pylon  
  62  7:28  Pylon  
  62  7:40  Stalker x3  
  62  7:42  Mothership Core (Chrono Boost)  
  42  8:09  Pylon, Stalker x2  
  42  8:10  Stalker x2  
  44  8:31  Zealot  
Tags
 
League
GoldGold
Matchup
PvP
Replay Pack
All Mines
Spawn Locations
Cross Positions
Add a new tag
Caveats
  • Supply blocks, unpowered buildings, or Contaminate may cause inaccurate times.
  • Supply counts are checked every 10 seconds.